 Dungeon Crawl Stone Soup version 0.31-a0-37-g98a128e1d9 (webtiles) character file.

Game seed: 7978791072365696808

270 pk666 the Magician (level 6, 0/32 HPs)
             Began as a Deep Elf Fire Elementalist on May 15, 2023.
             Slain by a gnoll
             ... wielding a +0 halberd
             ... led by a gnoll bouda
              (11 damage)
             ... on level 4 of the Dungeon.
             The game lasted 00:06:16 (3936 turns).

pk666 the Magician (Deep Elf Fire Elementalist)     Turns: 3936, Time: 00:06:17

Health: 0/32       AC:  2    Str:  5    XL:     6   Next: 1%
Magic:  11/16      EV: 12    Int: 22    God:
Gold:   61         SH:  0    Dex: 15    Spells: 10/15 levels left

rFire   . . .        k - +1 dagger (venom)
rCold   . . .        (no shield)
rNeg    . . .        a - +0 robe
rPois   .            (no helmet)
rElec   .            (no cloak)
rCorr   .            (no gloves)
SInv    .            (no boots)
Will    .....        e - amulet of faith
Stlth   ++           d - ring of wizardry
HPRegen 0.25/turn    (no ring)
MPRegen 0.15/turn

%: faith, wizardry (x1)
@: no status effects
A: no striking features
a: no special abilities


You were on level 4 of the Dungeon.
You visited 1 branch of the dungeon, and saw 4 of its levels.

You collected 100 gold pieces.
You spent 39 gold pieces at shops.

Inventory:

Hand Weapons
 k - a +1 dagger of venom (weapon)
Armour
 a - a +0 robe (worn)
Jewellery
 d - a ring of wizardry (left hand)
 e - an amulet of faith (around neck)
Scrolls
 f - 5 scrolls of identify {unknown}
 g - 2 scrolls of teleportation {unknown}
 h - 3 scrolls of amnesia {unknown}
 i - a scroll of enchant armour {unknown}
 m - a scroll of fog {unknown}
Potions
 b - a potion of magic
 c - 3 potions of flight {unknown}
 j - a potion of attraction {unknown}
 l - a potion of heal wounds {unknown}
 n - a potion of curing
 o - a potion of brilliance {unknown}


   Skills:
 - Level 2.4 Dodging
 - Level 2.4 Stealth
 + Level 5.4 Spellcasting
 + Level 3.8 Conjurations
 + Level 5.0 Fire Magic


You had 10 spell levels left.
You knew the following spells:

 Your Spells              Type           Power      Damage    Failure   Level
a - Foxfire               Conj/Fire      100%       2x1d9     1%          1
b - Flame Wave            Conj/Fire      25%        2d8       6%          4

Your spell library contained the following spells:

 Spells                   Type           Power      Damage    Failure   Level
 Scorch                   Fire           56%        2d7       1%          2
 Inner Flame              Hex/Fire       17%        N/A       4%          3
 Volatile Blastmotes      Fire/Tloc      34%        2d12      4%          3


Dungeon Overview and Level Annotations

Branches:
Dungeon (4/15)
 Temple: D:4-7

Altars:
Ashenzari
Dithmenos
Qazlal

Shops:
D:4 [(!

Annotations:
D:2 1 runed translucent door, Crazy Yiuf


Message History

The foxfire hits the gnoll!
You kill the gnoll!
A phantom comes into view.
The foxfire hits the gnoll bouda.
The gnoll bouda is moderately wounded.
Casting: Foxfire (safe; 1% risk of failure)
Confirm with . or Enter, or press ? or * to list all spells.
You conjure some foxfire!
The foxfire hits the gnoll bouda.
The gnoll bouda is moderately wounded.
The foxfire hits the gnoll bouda!
The gnoll bouda is severely wounded.
Casting: Foxfire (safe; 1% risk of failure)
Confirm with . or Enter, or press ? or * to list all spells.
You conjure some foxfire!
The foxfire hits the gnoll!
The gnoll is heavily wounded.
The foxfire hits the gnoll.
The gnoll is severely wounded.
A gnoll comes into view. It is wielding a +0 spear.
The gnoll hits you with a +0 flail!
Casting: Foxfire (safe; 1% risk of failure)
Confirm with . or Enter, or press ? or * to list all spells.
You conjure some foxfire!
The gnoll shouts!
The gnoll hits you from afar with a +0 halberd.
The gnoll hits you with a +0 flail.
* * * LOW HITPOINT WARNING * * *
The foxfire hits the gnoll.
You kill the gnoll!
The foxfire hits the gnoll bouda but does no damage.
The gnoll bouda is severely wounded.
A gnoll comes into view. It is wielding a +0 flail.
The gnoll hits you from afar with a +0 halberd.
* * * LOW HITPOINT WARNING * * *
You have reached level 6!
Okay, then.
You feel better.
The gnoll hits you from afar with a +0 halberd!
You die...

.. #.. ..# #..
...##.. ...g.
.)..# #g.#
#gW###
##..g.###
##...@...##
##...(ยง....#
#..>....#.##
##......##..#
##......###.##
##...#..## ###
##...#...#
##...##..##
#...##..##


You could see a phantom, a gnoll bouda and 3 gnolls.

Vanquished Creatures
  An ogre (D:4)
  A hound (D:4)
  A jelly (D:2)
  4 adders
  2 gnolls (D:4)
  An ufetubus (D:4)
  4 worms
  A dart slug (D:3)
  7 bats
  6 endoplasms
  2 giant cockroaches (D:3)
  6 goblins
  5 hobgoblins
  3 quokkas
  3 ball pythons
  2 frilled lizards
  7 kobolds
  4 rats
  2 butterflies (D:4)
62 creatures vanquished.

Vanquished Creatures (collateral kills)
  4 foxfires (D:1)
4 creatures vanquished.

Vanquished Creatures (others)
  254 foxfires
254 creatures vanquished.

Grand Total: 320 creatures vanquished

Notes
Turn   | Place    | Note
-------+----------+-------------------------------------------
     0 | D:1      | pk666 the Deep Elf Fire Elementalist began the quest for
                  | the Orb.
     0 | D:1      | Reached XP level 1. HP: 10/10 MP: 6/6
   746 | D:1      | Reached XP level 2. HP: 15/15 MP: 5/8
  1534 | D:2      | Found a runed translucent door.
  1535 | D:2      | Noticed Crazy Yiuf
  1610 | D:2      | Reached XP level 3. HP: 19/19 MP: 5/10
  1942 | D:2      | Reached XP level 4. HP: 11/24 MP: 8/12
  2002 | D:2      | Learned a level 4 spell: Flame Wave
  2262 | D:2      | Found a shadowy altar of Dithmenos.
  2610 | D:2      | Found a faded altar of an unknown god.
  2936 | D:3      | Found a broken altar of Ashenzari.
  3370 | D:3      | Found a stormy altar of Qazlal.
  3545 | D:4      | Noticed an ogre
  3556 | D:4      | Killed an ogre
  3557 | D:4      | Reached skill level 5 in Spellcasting
  3557 | D:4      | Reached XP level 5. HP: 14/28 MP: 7/14
  3644 | D:4      | Found Biquxeu's Armour Boutique.
  3649 | D:4      | Found Poduileu's Antique Weapon Emporium.
  3651 | D:4      | Found Innymamp's Distillery.
  3680 | D:4      | Bought a potion of curing for 39 gold pieces
  3822 | D:4      | Reached skill level 5 in Fire Magic
  3929 | D:4      | Noticed a phantom
  3936 | D:4      | Reached XP level 6. HP: 5/32 MP: 11/16
  3936 | D:4      | Slain by a gnoll

Illustrated notes

Levels and vault maps discovered:
D:1:      ldierk_walled_garden, layout_basic, minmay_hedge_maze, minivault_23
D:2:      layout_loops_corners, shapermc_ecumenical_altar_mp_urbaneastern,
          basic_altar, uniq_crazy_yiuf_cottage
D:3:      layout_rooms, mainiacjoe_overflow_six_doors_small, old_standard_altar
D:4:      layout_cave_pods, xom_butterflies, nicolae_wooded_promenade

Skill      XL: |  1  2  3  4  5 |
---------------+----------------+-----
Conjurations   | 2 3 |  3.8
Spellcasting   | 4 5 |  5.4
Fire Magic     | 4 5 |  5.0
Dodging        | |  2.4
Stealth        | |  2.4

Action                     |  1- 3 |  4- 6 || total
---------------------------+-------+-------++-------
   Cast: Foxfire           |    70 |    81 ||   151
    Use: Potion            |       |     1 ||     1
 Armour: Robe              |     1 |       ||     1
  Dodge: Dodged            |     4 |     2 ||     6

Table legend: (Time is in decaauts)
 A = Elapsed time spent in this place.
 B = Non-inter-level travel time spent in this place.
 C = Inter-level travel time spent in this place.
 D = Time resting spent in this place.
 E = Time spent auto-exploring this place.
 F = Levels seen in this place.
 G = Mean time per level.
                   A        B        C        D        E       F      G
               +--------+--------+--------+--------+--------+-----+--------+
         Total |   3936 |   3874 |     62 |    119 |   3287 |   4 |  984.0 |
       Dungeon |   3936 |   3874 |     62 |    119 |   3287 |   4 |  984.0 |
               +--------+--------+--------+--------+--------+-----+--------+

Top non-repeatable levels by time:
     D:2: 1355 daAuts
     D:1: 1352 daAuts
     D:3: 728 daAuts
     D:4: 499 daAuts
